Workbook

Sheet Акт
A1: АКТ № 77/9-2017
A2: приемки оказанных услуг и (или) выполненных работ по содержанию и текущему ремонту общего имущества в многоквартирном доме № 9 квартала 77.
A3: г. Ангарск | D3: "31" марта 2018 г.
A5: Наименование вида работы (услуги) | B5: Периодичность/ количественный показатель выполненной работы (оказанной услуги) | C5: Единица измерения работы (услуги) | D5: Стоимость /сметная стоимость выполненной работы (оказанной услуги) за единицу | E5: Цена выполненной работы (оказанной услуги), в рублях
A6: Аварийное обслуживание
A7: Аварийное обслуживание | B7: Ежедневно | C7: руб. | D7: =E7 -> 4375.49 | E7: 4375.49
A8: Благоустройство
A9: Валка, обрезка деревьев с вывозом | B9: По факту | C9: руб. | D9: =E9 -> 144352.17 | E9: 144352.17
A10: Вывоз листвы и смета | B10: По факту | C10: м2 | D10: =E10 -> 6000 | E10: 6000
A11: Выкашивание газонов | B11: 2800 | C11: м2 | D11: =E11/B11 -> 3.9500036 | E11: 11060.01
A12: Демонтаж отдельных частей металлического ограждения спортивных площадок: стойки | B12: 4 | C12: 1 стойка | D12: =E12/B12 -> 2970.8 | E12: 11883.2
A13: Разделка древесины мягких пород, полученной от валки леса, диам. стволов: до 20 см | B13: 0.03 | C13: 100 шт. | D13: =E13/B13 -> 8626.6667 | E13: 258.8
A14: Устройство скамейки без спинки с окраской | B14: 1 | C14: шт | D14: =E14/B14 -> 1864.8 | E14: 1864.8
A15: Вывоз и утилизация ТКО, в т.ч. крупногабаритного мусора
A16: Услуги по вывозу и утилизации ТБО, в т.ч. крупногабаритного мусора | B16: Ежедневно | C16: руб. | D16: =E16 -> 84817.15 | E16: 84817.15
A17: Изготовление плана благоустройства
A18: Изготовление плана благоустройства | B18: По факту | C18: руб. | D18: =E18 -> 5338.8 | E18: 5338.8
A19: Коммунальные ресурсы на содержание общ. имущества МКД
A20: ГВС на содержание общ. имущества | B20: По факту | C20: руб. | D20: =E20 -> 6123.69 | E20: 6123.69
A21: Отведение сточных вод на содержание общ. имущества | B21: По нормативу | C21: руб. | D21: =E21 -> 2086.02 | E21: 2086.02
A22: ХВС на содержание общ. имущества | B22: По нормативу | C22: руб. | D22: =E22 -> 1763.66 | E22: 1763.66
A23: Электрическая энергия на содержание общ. имущества | B23: По факту | C23: руб. | D23: =E23 -> 9818.19 | E23: 9818.19
A24: Обслуживание и текущий ремонт электрооборудования жилых домов
A25: Обслуживание и текущий ремонт электрооборудования жилых домов | B25: По факту | C25: руб. | D25: =E25 -> 11847.75 | E25: 11847.75
A26: Обслуживание инженерного оборудования
A27: Врезка термокармана | B27: 1 | C27: 1 врезка | D27: =E27/B27 -> 1024.24 | E27: 1024.24
A28: Запуск потока воды: отопление, ГВС | B28: 1 | C28: 1 узел | D28: =E28/B28 -> 67.72 | E28: 67.72
A29: Запуск системы отопления. | B29: 1 | C29: 1 здание | D29: =E29/B29 -> 796.94 | E29: 796.94
A30: Ликвидация воздушных пробок в системе отопления, в стояке | B30: 1 | C30: 1 стояк | D30: =E30/B30 -> 446.22 | E30: 446.22
A31: Опрессовка ТУ диаметром: до 100 мм | B31: 0.09 | C31: 100 м | D31: =E31/B31 -> 3540.7778 | E31: 318.67
A32: Осмотр подвальных помещений (засоры, подпоры) прим. | B32: 0.67 | C32: 1000 м2 | D32: =E32/B32 -> 1458.5821 | E32: 977.25
A33: Осмотр СТО | B33: 0.1 | C33: 100 квартир | D33: =E33/B33 -> 23340.5 | E33: 2334.05
A34: Осмотр СТО в чердачных и подвальных помещениях (весенний и осенний) | B34: 3.06 | C34: 1000 м2 | D34: =E34/B34 -> 1426.8464 | E34: 4366.15
A35: Осмотр, РХВ замеры | B35: 0.03 | C35: 100 шт. | D35: =E35/B35 -> 22383.333 | E35: 671.5
A36: Отключение системы отопления (консервация) - прим. | B36: 1 | C36: 1 здание | D36: =E36/B36 -> 384.58 | E36: 384.58
A37: Отогрев трубопровода Д-20 | B37: 3.5 | C37: м | D37: =E37/B37 -> 161.52286 | E37: 565.33
A38: Очистка канализационной сети: внутренней | B38: 0.43 | C38: 100 м | D38: =E38/B38 -> 13183.86 | E38: 5669.06
... A48: Снятие и запись замера в наряде (ИТП,РХВ) | B48: 31 | C48: 1 ИТП | D48: =E48/B48 -> 226.44226 | E48: 7019.71
A49: Обслуживание конструктивных элементов
A50: Заделка подвальных окон: фанерой | B50: 0.06 | C50: 10 м2 | D50: =E50/B50 -> 1786.1667 | E50: 107.17
A51: Закрытие подъездного окна | B51: 0.2 | C51: 10 шт. | D51: =E51/B51 -> 1784.1 | E51: 356.82
A52: Закрытие слуховых окон и люков выхода на кровлю | B52: 0.4 | C52: 10 шт. | D52: =E52/B52 -> 1879.9 | E52: 751.96
A53: М. Ремонт оконных переплетов (пристрожка, установка угольников, укрепление) | B53: 2 | C53: 1 створка | D53: =E53/B53 -> 306.075 | E53: 612.15
A54: Осмотр кровли, чердака, подъездов, подвального помещения - весенний осмотр | B54: 1.457 | C54: 1000 м2 | D54: =E54/B54 -> 1557.2478 | E54: 2268.91
A55: Осмотр кровли, чердака, подъездов, подвального помещения -подготовка к зиме | B55: 2.138 | C55: 1000 м2 | D55: =E55/B55 -> 1568.8167 | E55: 3354.13
A56: Очистка кровли от снега толщ. 10 см, сбивание сосулей (вышка) | B56: 80 | C56: 1 м 2 основания | D56: =E56/B56 -> 67.366875 | E56: 5389.35
A57: Перенавеска водосточных труб. | B57: 0.025 | C57: 100 м | D57: =E57/B57 -> 42317.2 | E57: 1057.93
A58: Проверка исправности вент. каналов, правильного расположения оголовков относ. крыши и наличия тяги | B58: 3.741 | C58: 1000 м2 | D58: =E58/B58 -> 2058.8907 | E58: 7702.31
A59: Смена дверных приборов: навесного замка | B59: 0.03 | C59: 100 приборов | D59: =E59/B59 -> 29481.333 | E59: 884.44
A60: Смена дверных приборов: накладка дверная | B60: 0.01 | C60: 100 приборов | D60: =E60/B60 -> 29475 | E60: 294.75
A61: Смена ухватов для водосточных труб: в каменных стенах | B61: 0.01 | C61: 100 шт. | D61: =E61/B61 -> 29738 | E61: 297.38
... A63: Укрепление дверных приборов: петли (шарниры), шпингалеты, ручки накладные | B63: 0.06 | C63: 100 шт. | D63: =E63/B63 -> 40371.667 | E63: 2422.3
A64: Обслуживание ОДПУ
A65: Техническое обслуживание ОДПУ | B65: Ежемесячно | C65: руб. | D65: =E65/12 -> 1800 | E65: 21600
A66: Расходы на истребование задолженности по оплате жилых помещений
A67: Истребование дебиторской задолженности | B67: По факту | C67: руб. | D67: =E67 -> 1133.89 | E67: 1133.89
A68: Текущий ремонт инженерного оборудования
A69: Очистка фильтра от накипи (отложений) | B69: 4 | C69: шт | D69: =E69/B69 -> 792.4925 | E69: 3169.97
A70: Смена внутренних трубопроводов из стальных труб д. до 32 мм | B70: 0.025 | C70: 100 м | D70: =E70/B70 -> 66381.2 | E70: 1659.53
A71: Смена отдельных участков трубопроводов из полиэтиленовых труб высокой плотности: диам. 100 мм | B71: 1 | C71: 1 участок | D71: =E71/B71 -> 1008.35 | E71: 1008.35
A72: Текущий ремонт конструктивных элементов жилых зданий
A73: Демонтаж металл. крюков, табличек, кронштейнов и т.д. | B73: 0.01 | C73: 100 шт. | D73: =E73/B73 -> 15671 | E73: 156.71
A74: Изготовление щита из доски б/у | B74: 0.047 | C74: 100 м2 | D74: =E74/B74 -> 17711.064 | E74: 832.42
A75: Постановка заклепок в местах соединения труб | B75: 0.42 | C75: 100 шт. | D75: =E75/B75 -> 4766.0238 | E75: 2001.73
A76: Ремонт обделок из листовой стали (парапета, карниза, отливов, т.д)-(укрепление, промазка свищ.) | B76: 3.6 | C76: м | D76: =E76/B76 -> 82.738889 | E76: 297.86
A77: Ремонт ходовых трапов | B77: 0.04 | C77: 100 досок | D77: =E77/B77 -> 14799.25 | E77: 591.97
A78: Ручная газовая резка круглой стали диаметром до 24 мм Срезка замка, кронштейна, штырей | B78: 0.1 | C78: 10 шт. | D78: =E78/B78 -> 1207.1 | E78: 120.71
A79: Смена частей водосточных труб: отливов (отметов) | B79: 0.05 | C79: 100 шт. | D79: =E79/B79 -> 36612.8 | E79: 1830.64
A80: Укрепление аншлага | B80: 0.01 | C80: 100 шт. | D80: =E80/B80 -> 20628 | E80: 206.28
A81: Установка частей водосточных труб с земли, лестниц и подмостей | B81: 0.088 | C81: 100 м | D81: =E81/B81 -> 42365.455 | E81: 3728.16
A82: Транспортные расходы
A83: Услуги а/вышки | B83: По факту | C83: руб. | D83: =E83 -> 13959.68 | E83: 13959.68
A84: Услуги автотранспорта | B84: По факту | C84: руб. | D84: =E84 -> 31750 | E84: 31750
A85: Уборка лестничных клеток
A86: Уборка л/клеток | B86: Еженедельно | C86: м2 | D86: =E86 -> 56544.72 | E86: 56544.72
A87: Уборка придомовой территории
A88: Уборка придомовой территории | B88: Еженедельно | C88: м2 | D88: =E88 -> 62266.56 | E88: 62266.56
A89: Услуги по управлению МКД
A90: Услуги по управлению МКД | B90: Ежедневно | C90: руб. | D90: =E90 -> 54904.687 | E90: =Бюджет!C32*10% -> 54904.687
A91: Итого: | E91: =SUM(E7:E90) -> 632749.92
A93: Всего за период с "01" января 2017 г. по "31"декабря 2017 г. выполнено работ (оказано услуг)
A94: на общую сумму 610 649,47 (Шестьсот десять тысяч шестьсот сорок девять) рублей 47 коп.
A95: Работы (услуги) выполнены (оказаны) полностью, в установленные сроки, с надлежащим качеством.
A96: Претензий по выполнению условий Договора Стороны друг к другу не имеют.
A97: Настоящий Акт составлен в 2-х экземплярах, имеющих одинаковую юридическую силу,
A98: по одному для каждой из Сторон.
A100: Подписи Сторон:
A102: Исполнитель - Директор ООО "ЖЭУ № 6" Плотников А.А. | C102: __________________________
A103: (должность, ФИО) | C103: (подпись)
A105: Заказчик - ____________________________________________________ | C105: __________________________
A106: (ФИО) | C106: (подпись)

Sheet Бюджет
A1: Отчет по бюджету №77/9-2017
A3: Период: с 01.01.2017 по 31.12.2017 года.
A5: Строение / По типу работ | B5: Расходы | C5: Начисления | D5: Поступления
A6: Резерв на 01.01.2017 г. | B6: 211498.71
A7: Cодержание жилья | C7: 230574 | D7: 242746.46
A8: Аренда общего имущества МКД | C8: 86500 | D8: 87768.32
A9: Вывоз и утилизация ТКО | C9: 62748 | D9: 69953.27
A10: ГВС на содержание общ. имущества | C10: 6700.56 | D10: 2893.01
A11: Обслуживание ОДПУ | C11: 22161 | D11: 16868.85
A12: Отведение сточных вод на содержание общ. им-ва | C12: 2086.02
A13: Техническое обслуживание нежилых помещений | C13: 123897.48 | D13: 126686.23
A14: ХВС на содержание общ. имущества | C14: 1763.66 | D14: 7713.93
A15: Электрическая энергия на содержание общ. имущества | C15: 12616.15 | D15: 3250.91
A16: Аварийное обслуживание | B16: =Акт!E7 -> 4375.49
A17: Благоустройство | B17: =SUM(Акт!E9:E14) -> 175418.98
A18: Вывоз и утилизация ТКО, в т.ч. крупногабаритного мусора | B18: =Акт!E16 -> 84817.15
A19: Изготовление плана благоустройства | B19: =Акт!E18 -> 5338.8
A20: Коммунальные ресурсы на содержание общ. имущества МКД | B20: =SUM(Акт!E20:E23) -> 19791.56
A21: Обслуживание и текущий ремонт электрооборудования жилых домов | B21: =SUM(Акт!E25) -> 11847.75
A22: Обслуживание инженерного оборудования | B22: =SUM(Акт!E27:E48) -> 47507.34
A23: Обслуживание конструктивных элементов | B23: =SUM(Акт!E50:E63) -> 25888.98
A24: Обслуживание ОДПУ | B24: =Акт!E65 -> 21600
A25: Расходы на истребование задолженности по оплате жилых помещений | B25: =Акт!E67 -> 1133.89
A26: Текущий ремонт инженерного оборудования | B26: =SUM(Акт!E69:E71) -> 5837.85
A27: Текущий ремонт конструктивных элементов жилых зданий | B27: =SUM(Акт!E73:E81) -> 9766.48
A28: Транспортные расходы | B28: =SUM(Акт!E83:E84) -> 45709.68
A29: Уборка лестничных клеток | B29: =Акт!E86 -> 56544.72
A30: Уборка придомовой территории | B30: =Акт!E88 -> 62266.56
A31: Услуги по управлению МКД | B31: =Акт!E90 -> 54904.687
A32: Итого: | B32: =SUM(B7:B31) -> 632749.92 | C32: =SUM(C7:C31) -> 549046.87 | D32: =SUM(D7:D31) -> 557880.98 | E32: =B6+D32-B32 -> 136629.77
A33: Резерв (доходы за минусом расходов) на 01.01.2018 г. - 156 895,66 руб.
A34: Задолженность по оплате за содержание и текущий ремонт на 01.01.2018 г. - 178 617,58 руб.
A36: Директор ООО "ЖЭУ №6" Плотников А.А. __________________
A37: Отчет составил: экономист Сундукова Ю.А. _______________
A38: Отчет получил: ________________________________________________________
A39: Дата __________________

Sheet 2018
A1: Отчет по бюджету № 77/9-2018
A3: Период: с 01.01.2018 по 31.12.2018 года.
A5: ОБЩИЕ СВЕДЕНИЯ ОБ ОБЪЕКТЕ
A6: Этажность | B6: 4 | C6: Общая жилая площадь, м2 | D6: 2075 | E6: Площадь кровли, м2 | F6: 1247.7
A7: Количество подъездов | B7: 3 | C7: Площадь нежилых помещений, м2 | D7: 729.8 | E7: Площадь чердаков, м2 | F7: 831.8
A8: Количество квартир | B8: 36 | C8: Площадь л/ клеток, тамбуров, лифтов, м/камер, м2 | D8: 265.1 | E8: Площадь подвалов, м2 | F8: 626
A11: Наименование | F11: Значение
A12: Корректировка бюджета за 2017 год | F12: -14865.92
A13: Переходящие остатки денежных средств за выполненые работы (на начало периода; + резерв, - долг) | F13: =156895.66+F12 -> 142029.74
A14: Задолженность по оплате за содержание и текущий ремонт общего имущества МКД (на начало периода) | F14: 87364.77
A15: Начислено за работы (услуги) по содержанию и текущему ремонту и аренду общего имущества МКД, в том числе: | F15: =SUM(F16:F18) -> 485625.7
A16: - за жилые помещения | F16: =317661.83+19650.37 -> 337312.2
A17: - за нежилые помещения | F17: 120053.5
A18: - за рекламу и аренду общего имущества МКД | F18: 28260
A19: Получено денежных средств, в т. ч: | F19: =SUM(F20:F22) -> 483182.53
A20: - за жилые помещения | F20: 347183.53
A21: - за нежилые помещения | F21: 119716.5
A22: - за рекламу и аренду общего имущества МКД | F22: 16282.5
A23: Всего денежных средств с учетом остатков | F23: =F13+F19 -> 625212.27
A24: Выполненные работы (оказанные услуги) по содержанию общего имущества и текущему ремонту в отчетном периоде | F24: ='[1]Акт (2)'!E81 -> 443539.62
A25: Переходящие остатки денежных средств за выполненые работы (на конец периода; + резерв, - долг) | F25: =F23-F24 -> 181672.65
A26: Задолженность по оплате за содержание и текущий ремонт общего имущества МКД (на конец периода) | F26: =F14+F15-F19 -> 89807.94
A28: Директор ООО "ТРЭК" Плотников А.А. __________________
A29: Отчет составил: экономист Осипова М.С. _______________
A30: Отчет получил: ________________________________________________________
A31: Дата __________________

Sheet Акт (2)
A1: АКТ № 77/9-2018
A2: приемки оказанных услуг и (или) выполненных работ по содержанию и текущему ремонту общего имущества в многоквартирном доме № 9 квартала 77.
A3: г. Ангарск | D3: "31" марта 2019 г.
A5: Наименование вида работы (услуги) | B5: Периодичность/ количественный показатель выполненной работы (оказанной услуги) | C5: Единица измерения работы (услуги) | D5: Стоимость /сметная стоимость выполненной работы (оказанной услуги) за единицу | E5: Цена выполненной работы (оказанной услуги), в рублях
A6: Аварийное обслуживание
A7: Аварийное обслуживание | B7: Ежедневно | C7: руб. | D7: =E7 -> 4375.49 | E7: 4375.49
A8: Благоустройство
A9: Окраска известковыми составами: по кирпичу и бетону (бордюр. столбики, столбы) | B9: 0.32 | C9: 100 м2 | D9: =E9/B9 -> 4713.9688 | E9: 1508.47
A10: Окраска МАФ по дереву | B10: 0.008 | C10: 100 м2 | D10: =E10/B10 -> 18228.75 | E10: 145.83
A11: Ремонт деревянной катальной горки (Прим) | B11: 0.033 | C11: 100 м досок | D11: =E11/B11 -> 18354.545 | E11: 605.7
A12: Устройство скамейки без спинки с окраской | B12: 1 | C12: шт | D12: =E12/B12 -> 2548.73 | E12: 2548.73
A13: Вывоз и утилизация ТКО, в т.ч. крупногабаритного мусора
A14: Вывоз и утилизация ТКО, в т.ч. крупногабаритный мусор | B14: Ежедневно | C14: руб. | D14: =E14 -> 84817.15 | E14: 84817.15
A15: Коммунальные ресурсы на содержание общ. имущества МКД
A16: Коммунальные ресурсы на содержание общего имущества МКД | B16: По факту | C16: руб. | D16: =E16 -> 22678.55 | E16: 22678.55
A17: Обслуживание и текущий ремонт электрооборудования жилых домов
A18: Обслуживание и текущий ремонт электрооборудования жилых домов | B18: По плану | C18: руб. | D18: =E18 -> 7564.31 | E18: =668.97+6895.34 -> 7564.31
A19: Обслуживание инженерного оборудования
A20: Запуск потока воды: отопление, ГВС | B20: 1 | C20: 1 узел | D20: =E20/B20 -> 83.75 | E20: 83.75
A21: Запуск системы отопления. | B21: 1 | C21: 1 здание | D21: =E21/B21 -> 839.52 | E21: 839.52
A22: Опрессовка ТУ диаметром: до 100 мм | B22: 0.09 | C22: 100 м | D22: =E22/B22 -> 6088.8889 | E22: 548
A23: Осмотр выпусков канализации (засоры, подпоры) прим. | B23: 5 | C23: 1 здание | D23: =E23/B23 -> 251.938 | E23: 1259.69
A24: Осмотр подвальных помещений и выпуска при подпоре | B24: 2 | C24: 1 осмотр | D24: =E24/B24 -> 537.435 | E24: 1074.87
A25: Осмотр СТО | B25: 0.07 | C25: 100 квартир | D25: =E25/B25 -> 25283.571 | E25: 1769.85
A26: Осмотр СТО в чердачных и подвальных помещениях (весенний и осенний) | B26: 3.179 | C26: 1000 м2 | D26: =E26/B26 -> 1682.1579 | E26: 5347.58
A27: Осмотр, замеры, опломбировка ПУ Т/У с представителем | B27: 0.01 | C27: 100 шт. | D27: =E27/B27 -> 25109 | E27: 251.09
A28: Осмотр, проверка работы приборов ИТП | B28: 0.04 | C28: 100 квартир | D28: =E28/B28 -> 24976 | E28: 999.04
A29: Отключение системы отопления (консервация) - прим. | B29: 1 | C29: 1 здание | D29: =E29/B29 -> 503.4 | E29: 503.4
A30: Очистка канализационной сети: внутренней | B30: 0.06 | C30: 100 м | D30: =E30/B30 -> 14688.333 | E30: 881.3
A31: Перевод отопления с подачи на обратку или с обратки на подачу | B31: 2 | C31: узел | D31: =E31/B31 -> 218.605 | E31: 437.21
... A37: Устранение засоров санитарных приборов | B37: 1 | C37: 1 прибор | D37: =E37/B37 -> 298.44 | E37: 298.44
A38: Обслуживание конструктивных элементов
A39: Закрытие слуховых окон и люков выхода на кровлю | B39: 0.2 | C39: 10 шт. | D39: =E39/B39 -> 1920.45 | E39: 384.09
A40: Замена желоба на козырке входной двери | B40: 0.003 | C40: 100 м2 | D40: =E40/B40 -> 113520 | E40: 340.56
A41: Осмотр кровли, чердака, подъездов, подвального помещения -подготовка к зиме | B41: 1.722 | C41: 1000 м2 | D41: =E41/B41 -> 1651.1847 | E41: 2843.34
A42: Очистка кровли от снега, сбивание сосулей | B42: 108.75 | C42: 1 м 2 основания | D42: =E42/B42 -> 81.508874 | E42: 8864.09
A43: Плановые проверки вентиляционных каналов и оголовков | C43: м2 | D43: =E43 -> 20027.59 | E43: 20027.59
A44: Смена стекол в деревянных переплетах при площади стекла до: 0,25 м | B44: 0.007 | C44: 100 м2 | D44: =E44/B44 -> 182437.14 | E44: 1277.06
A45: Укрепление воронки | B45: 0.01 | C45: 100 шт. | D45: =E45/B45 -> 158758 | E45: 1587.58
A46: Укрепление козырька над входной дверью в подъезд | B46: 0.025 | C46: т | D46: =E46/B46 -> 61046.8 | E46: 1526.17
A47: Обслуживание ОДПУ
A48: Техническое обслуживание ОДПУ | B48: По договору | C48: руб. | D48: =E48 -> 21600 | E48: 21600
A49: Текущий ремонт инженерного оборудования
A50: Осмотр замеры рамок холодной воды | B50: 0.01 | C50: чел.-ч | D50: =E50/B50 -> 25297 | E50: 252.97
A51: Прокладка трубопроводов канализационных из полиэтиленовых труб высокой плотности: 50 мм | B51: 0.036 | C51: 100 м | D51: =E51/B51 -> 61365 | E51: 2209.14
A52: Разборка трубопровода из чугунных канализационных труб. диаметром 50мм | B52: 0.036 | C52: 100 м | D52: =E52/B52 -> 29744.444 | E52: 1070.8
A53: Смена внутренних трубопроводов из стальных труб д. 25 мм | B53: 0.06 | C53: 100 м | D53: =E53/B53 -> 64416.667 | E53: 3865
A54: Текущий ремонт конструктивных элементов жилых зданий
A55: Демонтаж аншлагов над подъездами | B55: 0.01 | C55: 100 шт. | D55: =E55/B55 -> 14609 | E55: 146.09
A56: Железнение цементных покрытий | B56: 0.047 | C56: 100 м2 | D56: =E56/B56 -> 6194.6809 | E56: 291.15
A57: Обрамление ступеней угловой сталью | B57: 0.027 | C57: т | D57: =E57/B57 -> 73071.852 | E57: 1972.94
A58: Окраска масляными составами по дереву: доски объявления | B58: 0.019 | C58: 100 м2 | D58: =E58/B58 -> 29606.842 | E58: 562.53
A59: Постановка заклепок в местах соединения труб | B59: 0.16 | C59: 100 шт. | D59: =E59/B59 -> 5250.625 | E59: 840.1
A60: Приготовление тяжелого бетона: на гравии класса В20 (М250) | B60: 0.005 | C60: 100 м3 | D60: =E60/B60 -> 509026 | E60: 2545.13
A61: Разборка покрытий полов: цементных | B61: 0.042 | C61: 100 м2 | D61: =E61/B61 -> 63883.333 | E61: 2683.1
A62: Ремонт существующего крыльца железобетоном | B62: 0.47 | C62: м3 | D62: =E62/B62 -> 18310.234 | E62: 8605.81
A63: Смена частей водосточных труб: отливов (отметов) | B63: 0.02 | C63: 100 шт. | D63: =E63/B63 -> 54207 | E63: 1084.14
A64: Смена частей водосточных труб: прямых звеньев с земли, лестниц или подмостей | B64: 0.022 | C64: 100 м | D64: =E64/B64 -> 48853.182 | E64: 1074.77
A65: Смена: колен водосточных труб с вышки | B65: 0.01 | C65: 100 шт. | D65: =E65/B65 -> 141559 | E65: 1415.59
A66: Смена: прямых звеньев водосточных труб с автовышек | B66: 0.006 | C66: 100 м | D66: =E66/B66 -> 126025 | E66: 756.15
... A70: Устройство: трапов ходовых на крыльце | B70: 0.041 | C70: 100 п. м ходов | D70: =E70/B70 -> 12630.244 | E70: 517.84
A71: Транспортные расходы
A72: Услуги а/вышки | B72: По факту | C72: руб. | D72: =E72 -> 2393.97 | E72: 2393.97
A73: Услуги автотранспорта | B73: По факту | C73: руб. | D73: =E73 -> 2400 | E73: 2400
A74: Уборка лестничных клеток
A75: Уборка л/клеток | B75: По тарифу | C75: м2 | D75: =E75 -> 56544.77 | E75: 56544.77
A76: Уборка придомовой территории
A77: Уборка придомовой территории | B77: По тарифу | C77: м2 | D77: =E77 -> 65217.82 | E77: 65217.82
A78: Услуги по вывозу и утилизации листвы, веток, деревьев, скошенной травы , смета и др. | B78: По факту | C78: руб. | D78: =E78 -> 2155.08 | E78: 2155.08
A79: Услуги по управлению МКД
A80: Услуги по управлению МКД | B80: Ежедневно | C80: руб. | D80: =E80 -> 40321.784 | E80: =SUM(E7:E78)*10% -> 40321.784
A81: Итого: | E81: =SUM(E6:E80) -> 443539.62
A83: Всего за период с "01" января 2018 г. по "31"декабря 2018 г. выполнено работ (оказано услуг) на общую сумму 443 539.62 руб. (Четыреста сорок три тысячи пятьсот тридцать девять рублей 62 копейки)
A85: Работы (услуги) выполнены (оказаны) полностью, в установленные сроки, с надлежащим качеством.
A86: Претензий по выполнению условий Договора Стороны друг к другу не имеют.
A87: Настоящий Акт составлен в 2-х экземплярах, имеющих одинаковую юридическую силу, по одному для каждой из Сторон.
A91: Подписи Сторон:
A93: Исполнитель - Директор ООО "ТРЭК" Плотников А.А. | C93: __________________________
A94: (должность, ФИО) | C94: (подпись)
A96: Заказчик - ____________________________________________________ | C96: __________________________
A97: (ФИО) | C97: (подпись)

Sheet 2019
A1: Отчет по бюджету № 77/9-2019
A3: Период: с 01.01.2019 по 31.12.2019 года.
A5: ОБЩИЕ СВЕДЕНИЯ ОБ ОБЪЕКТЕ
A6: Этажность | B6: 4 | C6: Общая жилая площадь, м2 | D6: 2075 | E6: Площадь кровли, м2 | F6: 1247.7
A7: Количество подъездов | B7: 3 | C7: Площадь нежилых помещений, м2 | D7: 729.8 | E7: Площадь чердаков, м2 | F7: 831.8
A8: Количество квартир | B8: 36 | C8: Площадь л/ клеток, тамбуров, лифтов, м/камер, м2 | D8: 265.1 | E8: Площадь подвалов, м2 | F8: 626
A11: Наименование | F11: Значение
A12: Переходящие остатки денежных средств за выполненые работы (на начало периода; + резерв, - долг) | F12: 181672.65
A13: Задолженность по оплате за содержание и текущий ремонт общего имущества МКД (на начало периода) | F13: 126501.74
A14: Начислено за работы (услуги) по содержанию и текущему ремонту и аренду общего имущества МКД, в том числе: | F14: =SUM(F15:F17) -> 530513.68
A15: - за жилые помещения | F15: =316603.26+800+8694.6 -> 326097.86
A16: - за нежилые помещения | F16: 116957.82
A17: - за рекламу и аренду общего имущества МКД | F17: =87795-337 -> 87458
A18: Получено денежных средств, в т. ч: | F18: =SUM(F19:F21) -> 526590.67
A19: - за жилые помещения | F19: =800+328270.6 -> 329070.6
A20: - за нежилые помещения | F20: 116957.82
A21: - за рекламу и аренду общего имущества МКД | F21: 80562.25
A22: Всего денежных средств с учетом остатков | F22: =F12+F18 -> 708263.32
A23: Выполненные работы (оказанные услуги) по содержанию общего имущества и текущему ремонту в отчетном периоде | F23: =Лист3!E85 -> 328492.41
A24: Переходящие остатки денежных средств за выполненые работы (на конец периода; + резерв, - долг) | F24: =F22-F23 -> 379770.91
A25: Задолженность по оплате за содержание и текущий ремонт общего имущества МКД (на конец периода) | F25: =F13+F14-F18 -> 130424.75
A27: Директор ООО "ТРЭК" Плотников А.А. __________________
A28: Отчет составил: экономист Осипова М.С. _______________
A29: Отчет получил: ________________________________________________________
A30: Дата __________________

Sheet Лист3
A2: .
B3: АКТ № 77/9
B4: приемки оказанных услуг и (или) выполненных работ по содержанию
B5: и текущему ремонту общего имущества в многоквартирном доме
A6: г. Ангарск | E6: 31 марта 2020 г.
A8: Собственники помещений в многоквартином доме, расположенном по адресу: ________________________ , именуемые в дальнейшем "Заказчик", в лице ____________________________________________________________________________________,
A9: являющегося собственником квартиры № _____, находящейся в данном многоквартирном доме, действующего на основании протокола общего собрания собственников, с одной стороны, и управляющая компания ООО "ТРЭК", именуемая в дальнейшем
A10: "Исполнитель", в лице директора Плотникова А.А., действующего на основании Устава, с другой стороны, совместно именуемые "Стороны", составили настоящий акт о нижеследующем:
A11: 1. Исполнителем предъявлены к приемке следующие оказанные на основании договора управления многоквартирным домом или договора оказания услуг по содержанию и (или) выполнению работ по ремонту общего имущества в многоквартирном
A12: доме, либо договора подряда по выполнению работ по ремонту общего имущества в многоквартирном доме (указать нужное) № _______ от "____" ___________________ ______ г. (далее - "Договор") услуги и (или) выполненные работы по содержанию
A13: и текущему ремонту общего имущества в многоквартирном доме № _____, расположенном по адресу: ______________________:
A15: Наименование вида работы (услуги) | B15: Периодичность / количественный показатель выполненной работы (оказанной услуги) | C15: Единица измерения работы (услуги) | D15: Стоимость / сметная стоимость выполненной работы (оказанной услуги) за единицу | E15: Цена выполненной работы (оказанной услуги), в рублях
A16: Аварийное обслуживание
A17: Аварийное обслуживание | B17: Ежедневно | C17: руб. | D17: =E17 -> 4375.49 | E17: 4375.49
A18: Благоустройство и обеспечение санитарного состояния МКД и придомовой територии
A19: Завоз песка, ПГС, щебня, земли | B19: По факту | C19: ч | D19: =E19 -> 750 | E19: 750
A20: Приварка шарнира, скобы, приварка швов на МАФ | B20: 2 | C20: шт | D20: =E20/B20 -> 912.805 | E20: 1825.61
A21: Уборка придомовой территории и лестничных клеток | B21: По тарифу | C21: м2 | D21: =E21 -> 132533.02 | E21: 132533.02
A22: Уборка чердаков и подвалов | B22: По тарифу | C22: м2 | D22: =E22 -> 2805 | E22: 2805
A23: Услуги спец.техники по благоустройству (очистка наледи, снега) | B23: По факту | C23: руб. | D23: =E23 -> 827.99 | E23: 827.99
A24: Коммунальные ресурсы на содержание общ. имущества МКД
A25: Коммунальные ресурсы на содержание общего имущества МКД | B25: По факту | C25: руб. | D25: =E25 -> 20441.68 | E25: 20441.68
A26: Обслуживание и текущий ремонт инженерного оборудования
A27: Демонтаж- монтаж сгонов на подцепке радиатора: 20мм (перемотка) | B27: 1 | C27: 1 участок | D27: =E27/B27 -> 940.42 | E27: 940.42
A28: Изоляция трубопровода матами с совмещенным покрывным слоем | B28: 0.033 | C28: 1 м3 | D28: =E28/B28 -> 21218.485 | E28: 700.21
A29: Приварка проушины | B29: 2 | C29: шт | D29: =E29/B29 -> 844.145 | E29: 1688.29
A30: Разборка тепловой изоляции. | B30: 0.05 | C30: 100 м2 | D30: =E30/B30 -> 8615 | E30: 430.75
A31: Регулировка температуры отопления в ИТП вентилями | B31: 1 | C31: шт | D31: =E31/B31 -> 303.61 | E31: 303.61
A32: Смена внутренних трубопроводов из стальных труб д. до 15мм | B32: 0.02 | C32: 100 м | D32: =E32/B32 -> 46228 | E32: 924.56
A33: Запуск потока воды: отопление, ГВС | B33: 1 | C33: 1 узел | D33: =E33/B33 -> 91.38 | E33: 91.38
A34: Запуск системы отопления. | B34: 1 | C34: 1 здание | D34: =E34/B34 -> 907.5 | E34: 907.5
A35: Ликвидация воздушных пробок в системе отопления, в стояке | B35: 1 | C35: 1 стояк | D35: =E35/B35 -> 499.95 | E35: 499.95
A36: Осмотр подвальных помещений и выпуска при подпоре | B36: 2 | C36: 1 осмотр | D36: =E36/B36 -> 500.365 | E36: 1000.73
A37: Осмотр системы центрального отопления, устройств в чердачных и подвальных помещениях. | B37: 0.1 | C37: 1000 м2 | D37: =E37/B37 -> 1791.3 | E37: 179.13
A38: Осмотр СТО | B38: 0.09 | C38: 100 квартир | D38: =E38/B38 -> 27306.556 | E38: 2457.59
... A46: Проверка на прогрев отопительных приборов с регулировкой. | B46: 0.01 | C46: 100 приборов | D46: =E46/B46 -> 6606 | E46: 66.06
A47: Промывка выпусков канализации (устранение засора) | B47: По договору | C47: руб. | D47: =E47 -> 4600 | E47: 4600
A48: Промывка трубопровода системы отопления | B48: 12871 | C48: м3 | D48: 1.2219431 | E48: 15727.63
A49: Ремонт смесителя без душа, без снятия с места, смена прокладок | B49: 1 | C49: 1 смеситель | D49: =E49/B49 -> 103.51 | E49: 103.51
A50: Сдача ИТП представителю энергоснабжающей организации | B50: 1 | C50: 1 ИТП | D50: =E50/B50 -> 1295.32 | E50: 1295.32
A51: Сдача РХВ представителю водоканала, составление акта | B51: 1 | C51: 1 ИТП | D51: =E51/B51 -> 604.44 | E51: 604.44
A52: Снятие и запись замера в наряде (ИТП,РХВ) | B52: 32 | C52: 1 ИТП | D52: =E52/B52 -> 271.35219 | E52: 8683.27
A53: Обслуживание и текущий ремонт конструктивных элементов
A54: Демонтаж металлических дверных блоков | B54: 1.26 | C54: м2 | D54: =E54/B54 -> 1264.1032 | E54: 1592.77
A55: Демонтаж-монтаж частей фановых труб | B55: 0.04 | C55: 100 м | D55: =E55/B55 -> 17079.5 | E55: 683.18
A56: Замена наличников с изготовлением | B56: 3 | C56: 1 м изделий | D56: =E56/B56 -> 116.61 | E56: 349.83
A57: Окраска перхлорвиниловыми красками по подготовленной пов-ти фасадов: простых за 2р с земли и лесов | B57: 0.193 | C57: 100 м2 | D57: =E57/B57 -> 9989.4819 | E57: 1927.97
A58: Ремонт и восстановление герметизации дверных и оконных проемов | B58: 0.03 | C58: 100 м | D58: =E58/B58 -> 16094.667 | E58: 482.84
A59: Ремонт отдельных мест покрытия из асбоцементных листов: обыкновенного профиля (мат. БУ) | B59: 5.04 | C59: м2 | D59: =E59/B59 -> 287.56151 | E59: 1449.31
A60: Установка доски объявлений - б/у | B60: 0.01 | C60: 100 шт. | D60: =E60/B60 -> 38563 | E60: 385.63
A61: Закрытие подъездного окна | B61: 0.2 | C61: 10 шт. | D61: =E61/B61 -> 2137.75 | E61: 427.55
A62: М. Ремонт слухового окна (пристрожка, укрепление) | B62: 1 | C62: 1 створка | D62: =E62/B62 -> 380.63 | E62: 380.63
A63: Осмотр кровли, чердака, люков | B63: 0.17 | C63: 1000 м2 | D63: =E63/B63 -> 1897.0588 | E63: 322.5
A64: Осмотр кровли, чердака, подъездов, подвального помещения - весенний осмотр | B64: 1.72 | C64: 1000 м2 | D64: =E64/B64 -> 1814.3721 | E64: 3120.72
A65: Осмотр кровли, чердака, подъездов, подвального помещения -подготовка к зиме | B65: 1.722 | C65: 1000 м2 | D65: =E65/B65 -> 1834.2393 | E65: 3158.56
... A70: Очистка чердаков и подвалов от мусора | B70: 0.04 | C70: 100 кг | D70: =E70/B70 -> 7183.5 | E70: 287.34
A71: Плановые проверки вентиляционных каналов и оголовков | B71: По графику | C71: 1000 м2 | D71: =E71 -> 11531.09 | E71: 11531.09
A72: Проверка исправности канализационных вытяжек | B72: 11 | C72: 1 кв | D72: =E72/B72 -> 239.54182 | E72: 2634.96
A73: Смена дверных приборов: задвижки | B73: 0.01 | C73: 100 приборов | D73: =E73/B73 -> 28141 | E73: 281.41
A74: Смена дверных приборов: навесного замка | B74: 0.01 | C74: 100 приборов | D74: =E74/B74 -> 33892 | E74: 338.92
A75: Смена дверных приборов: накладка дверная | B75: 0.02 | C75: 100 приборов | D75: =E75/B75 -> 33334 | E75: 666.68
A76: Укрепление дверных приборов: петли (шарниры), шпингалеты, ручки накладные | B76: 0.02 | C76: 100 шт. | D76: =E76/B76 -> 46457 | E76: 929.14
A77: Обслуживание и текущий ремонт электрооборудования жилых домов
A78: Обслуживание и текущий ремонт электрооборудования жилых домов | B78: По договору | C78: руб. | D78: =E78 -> 8085.92 | E78: 8085.92
A79: Обслуживание ОДПУ
A80: Техническое обслуживание ОДПУ | B80: По договору | C80: руб. | D80: =E80 -> 21600 | E80: 21600
A81: Расходы на истребование задолженности по оплате жилых помещений
A82: Истребование дебиторской задолженности | B82: По факту | C82: руб. | D82: =E82 -> 2129.89 | E82: 2129.89
A83: Услуги по управлению МКД
A84: Услуги по управлению МКД | B84: Ежедневно | C84: руб. | D84: =E84 -> 29862.946 | E84: =SUM(E16:E82)*10% -> 29862.946
A85: Итого: | E85: =SUM(E17:E84) -> 328492.41
A88: 2. Всего за период с "01"января 2019 г. по "31"декабря 2019 г. выполнено работ на общую сумму 328492.41 руб. (Триста двадцать восемь тысяч четыреста девяносто два рубля 41 копейка)
A89: 3. Работы (услуги) выполнены (оказаны) полностью, в установленные сроки, с надлежащим качеством.
A90: 4. Претензий по выполнению условий Договора Стороны друг к другу не имеют.
A91: Настоящий акт составлен в 2-х экземплярах, имеющих одинаковую юридическую силу, по одному для каждой из Сторон.
A94: Исполнитель - Директор ООО "ТРЭК" Плотников А.А.
A95: _________________________________________ ____________________________________
D96: (подпись)
A98: Заказчик - ________________________________________ __________________________________
D99: (подпись)

Sheet 2020
A1: Отчет по бюджету № 77/9-2020
A3: Период: с 01.01.2020 по 31.12.2020 года.
A5: ОБЩИЕ СВЕДЕНИЯ ОБ ОБЪЕКТЕ
A6: Этажность | B6: 4 | C6: Общая жилая площадь, м2 | D6: 2075 | E6: Площадь кровли, м2 | F6: 1247.7
A7: Количество подъездов | B7: 3 | C7: Площадь нежилых помещений, м2 | D7: 729.8 | E7: Площадь чердаков, м2 | F7: 831.8
A8: Количество квартир | B8: 36 | C8: Площадь л/ клеток, тамбуров, лифтов, м/камер, м2 | D8: 265.1 | E8: Площадь подвалов, м2 | F8: 626
A11: Наименование | F11: Значение
A12: Переходящие остатки денежных средств за выполненые работы (на начало периода; + резерв, - долг) | F12: 379770.91
A13: Задолженность по оплате за содержание и текущий ремонт общего имущества МКД (на начало периода) | F13: 130424.75
A14: Начислено за работы (услуги) по содержанию и текущему ремонту и аренду общего имущества МКД, в том числе: | F14: =SUM(F15:F17) -> 504330.11
A15: - за жилые помещения | F15: =333535.62-10167.5+2129.89 -> 325498.01
A16: - за нежилые помещения | F16: 117308.1
A17: - за рекламу и аренду общего имущества МКД | F17: 61524
A18: Получено денежных средств, в т. ч: | F18: =SUM(F19:F21) -> 538268.38
A19: - за жилые помещения | F19: =366594.39+2129.89 -> 368724.28
A20: - за нежилые помещения | F20: 117308.1
A21: - за рекламу и аренду общего имущества МКД | F21: 52236
A22: Всего денежных средств с учетом остатков | F22: =F12+F18 -> 918039.29
A23: Выполненные работы (оказанные услуги) по содержанию общего имущества и текущему ремонту в отчетном периоде | F23: =Лист1!E98 -> 466622.1
A24: Переходящие остатки денежных средств за выполненные работы (на конец периода; + резерв, - долг) | F24: =F22-F23 -> 451417.19
A25: Задолженность по оплате за содержание и текущий ремонт общего имущества МКД (на конец периода) | F25: =F13+F14-F18 -> 96486.48
A27: Директор ООО "ТРЭК" Плотников А.А. __________________
A28: Отчет составил: экономист Осипова М.С. _______________
A29: Отчет получил: ________________________________________________________
A30: Дата __________________

Sheet Лист1
A2: .
B3: АКТ № 77/9
A4: приемки оказанных услуг и (или) выполненных работ по содержанию
A5: и текущему ремонту общего имущества в многоквартирном доме
A6: г. Ангарск | E6: 31 марта 2021 г.
A8: Собственники помещений в многоквартином доме, расположенном по адресу: ________________________ , именуемые в дальнейшем "Заказчик", в лице ___________________________________________________________________________________,
A9: являющегося собственником квартиры № _____, находящейся в данном многоквартирном доме, действующего на основании протокола общего собрания собственников, с одной стороны, и управляющая компания ООО "ТРЭК", именуемая в дальнейшем
A10: "Исполнитель", в лице директора Плотникова А.А., действующего на основании Устава, с другой стороны, совместно именуемые "Стороны", составили настоящий акт о нижеследующем:
A11: 1. Исполнителем предъявлены к приемке следующие оказанные на основании договора управления многоквартирным домом или договора оказания услуг по содержанию и (или) выполнению работ по ремонту общего имущества в многоквартирном
A12: доме, либо договора подряда по выполнению работ по ремонту общего имущества в многоквартирном доме (указать нужное) № _______ от "____" ___________________ ______ г. (далее - "Договор") услуги и (или) выполненные работы по содержанию
A13: и текущему ремонту общего имущества в многоквартирном доме № _____, расположенном по адресу: ______________________:
A15: Наименование вида работы (услуги) | B15: Периодичность / количественный показатель выполненной работы (оказанной услуги) | C15: Единица измерения работы (услуги) | D15: Стоимость / сметная стоимость выполненной работы (оказанной услуги) за единицу | E15: Цена выполненной работы (оказанной услуги), в рублях
A16: Аварийное обслуживание
A17: Аварийное обслуживание | B17: Ежедневно | C17: руб. | D17: 0.13 | E17: 4375.49
A18: Благоустройство и обеспечение санитарного состояния МКД и придомовой територии
A19: Вывоз листвы и смета | B19: По факту | C19: м2 | D19: =E19 -> 222.52 | E19: 222.52
A20: Дезинфекция мест общего пользования МКД | B20: По факту | C20: м2 | D20: =E20 -> 28630.8 | E20: 28630.8
A21: Завоз песка, ПГС, щебня, земли | B21: По факту | D21: =E21 -> 999.22 | E21: 999.22
A22: Окраска горки-домика | B22: 0.12 | C22: 100 м2 | D22: =E22/B22 -> 19270.25 | E22: 2312.43
A23: Окраска известковыми составами: по кирпичу и бетону (бордюр. столбики, столбы) | B23: По факту | C23: 100 м2 | D23: =E23 -> 1782.35 | E23: 1782.35
A24: Окраска известковыми составами: по кирпичу и бетону (бордюр. столбики, столбы) за 2019 год | B24: По факту | C24: 100 м2 | D24: =E24 -> 1587.95 | E24: 1587.95
A25: Окраска лестницы | B25: 1 | C25: шт | D25: =E25/B25 -> 671.11 | E25: 671.11
A26: Окраска скамейки без спинки | B26: 1 | C26: шт | D26: =E26/B26 -> 333.04 | E26: 333.04
A27: Окраска скамейки со спинкой | B27: 1 | C27: шт | D27: =E27/B27 -> 565.91 | E27: 565.91
A28: Окраска турника | B28: 2 | C28: шт | D28: =E28/B28 -> 344.145 | E28: 688.29
A29: Окраска шведской стенки (большая) | B29: 0.03 | C29: 100 м2 | D29: =E29/B29 -> 30074 | E29: 902.22
A30: Установка урны | B30: 2 | C30: 1 стойка | D30: =E30/B30 -> 3461.75 | E30: 6923.5
A31: Устройство песочницы с окраской | B31: 1 | C31: шт | D31: =E31/B31 -> 4572.86 | E31: 4572.86
A32: Уборка придомовой территории и лестничных клеток | B32: По тарифу | C32: м2 | D32: =E32 -> 129918.34 | E32: 129918.34
A33: Уборка чердаков и подвалов | B33: По тарифу | C33: м2 | D33: =E33 -> 560.76 | E33: 560.76
A34: Коммунальные ресурсы на содержание общ. имущества МКД
A35: Коммунальные ресурсы на содержание общего имущества МКД | B35: По факту | C35: руб. | D35: =E35 -> 88172.93 | E35: 88172.93
A36: Обслуживание и текущий ремонт инженерного оборудования
A37: Изоляция трубопровода матами с совмещенным покрывным слоем | B37: 0.014 | C37: 1 м3 | D37: =E37/B37 -> 23110 | E37: 323.54
A38: Консервация системы отопления | B38: 1 | C38: 100 м | D38: =E38/B38 -> 724.61 | E38: 724.61
A39: Осмотр кровли,чердака,подъездов,подвала,фасада-после землетр-ия, в т.ч. рем-т выявленных повреждений | B39: По факту | C39: 1000 м2 | D39: =E39 -> 2860.07 | E39: 2860.07
A40: Проверка работ-ти запорной арматуры, устранение мелких неисправностей, проверка работы ПУ РХВ | B40: 0.01 | C40: 100 шт. | D40: =E40/B40 -> 30407 | E40: 304.07
A41: Прокладка трубопроводов канализационных из полиэтиленовых труб высокой плотности: 50 мм | B41: 0.035 | C41: 100 м | D41: =E41/B41 -> 71964.286 | E41: 2518.75
A42: Разборка трубопровода из чугунных канализационных труб. диаметром 50мм | B42: 0.035 | C42: 100 м | D42: =E42/B42 -> 34911.429 | E42: 1221.9
A43: Разборка трубопроводов: на сварке диаметром до 100 мм | B43: 0.03 | C43: 100 м | D43: =E43/B43 -> 33654.667 | E43: 1009.64
A44: Смена вентилей и клапанов обратных муфтовых д. 15мм | B44: 0.01 | C44: 100 шт. | D44: =E44/B44 -> 70396 | E44: 703.96
A45: Смена внутренних трубопроводов из стальных труб д. 20 мм | B45: 0.03 | C45: 100 м | D45: =E45/B45 -> 86399 | E45: 2591.97
A46: Установка манометров | B46: 3 | C46: шт | D46: =E46/B46 -> 751.53 | E46: 2254.59
A47: Установка термометра | B47: 2 | C47: комплект | D47: =E47/B47 -> 307.615 | E47: 615.23
A48: Запуск потока воды: отопление, ГВС, ХВС | B48: 2 | C48: 1 узел | D48: =E48/B48 -> 100.91 | E48: 201.82
A49: Запуск системы отопления. | B49: 1 | C49: 1 здание | D49: =E49/B49 -> 1012.36 | E49: 1012.36
A50: Ликвидация воздушных пробок в системе отопления, в стояке | B50: 4 | C50: 1 стояк | D50: =E50/B50 -> 669.7125 | E50: 2678.85
A51: Осмотр подвальных помещений | B51: 0.17 | C51: 1000 м2 | D51: =E51/B51 -> 1813.7059 | E51: 308.33
... A59: Подготовка элеваторного узла | B59: 1 | C59: шт | D59: =E59/B59 -> 7183.98 | E59: 7183.98
A60: Промывка трубопровода системы отопления | B60: 1 | C60: 1 здание | D60: =E60 -> 15727.63 | E60: 15727.63
A61: Сдача ИТП представителю энергоснабжающей организации | B61: 1 | C61: 1 ИТП | D61: =E61/B61 -> 868.12 | E61: 868.12
A62: Сдача РХВ представителю водоканала, составление акта | B62: 0.01 | C62: 1 ИТП | D62: =E62/B62 -> 30424 | E62: 304.24
A63: Снятие и запись замера в наряде (ИТП,РХВ) | B63: 33 | C63: 1 ИТП | D63: =E63/B63 -> 300.79879 | E63: 9926.36
A64: Обслуживание и текущий ремонт конструктивных элементов
A65: Демонтаж-монтаж прямых звеньев водосточных труб | B65: 0.022 | C65: 100 м | D65: =E65/B65 -> 19477.273 | E65: 428.5
A66: Демонтаж-монтаж частей фановых труб | B66: 0.132 | C66: 100 м | D66: =E66/B66 -> 19913.864 | E66: 2628.63
A67: Заделка подвальных окон: (изовером, пенопропиленом и тд) | B67: 0.3 | C67: 10 м2 | D67: =E67/B67 -> 2366.4333 | E67: 709.93
A68: Огрунтовка ранее окрашенных фасадов под окраску перхлорвиниловыми красками: простых с земли и лесов | B68: 0.047 | C68: 100 м2 | D68: =E68/B68 -> 3478.9362 | E68: 163.51
A69: Окраска водоэмульсионными составами поверхностей стен. ранее окрашенных поверхностей | B69: 0.087 | C69: 100 м2 | D69: =E69/B69 -> 22711.379 | E69: 1975.89
A70: Осмотр кровли,чердака,подъездов,подвала,фасада-после землетр-ия, в т.ч. рем-т выявленных повреждений | B70: По факту | C70: 1000 м2 | D70: =E70 -> 3034.38 | E70: 3034.38
A71: Ремонт отдельных мест покрытия из асбоцементных листов: обыкновенного профиля (мат. БУ) | B71: 3.72 | C71: м2 | D71: =E71/B71 -> 323.07796 | E71: 1201.85
A72: Ремонт штукатурки гладких фасадов по камню и бетону с земли и лесов. | B72: 0.052 | C72: 100 м2 | D72: =E72/B72 -> 111450.96 | E72: 5795.45
A73: Укрепление и ремонт покрытия козырька из оцинкованной стали | B73: 0.018 | C73: 100 м2 | D73: =E73/B73 -> 57568.889 | E73: 1036.24
A74: Закрытие слуховых окон и люков выхода на кровлю | B74: 0.2 | C74: 10 шт. | D74: =E74/B74 -> 2386.1 | E74: 477.22
A75: Замена желоба на козырке входной двери | B75: 0.008 | C75: 100 м2 | D75: =E75/B75 -> 118630 | E75: 949.04
A76: Осмотр квартир | B76: 0.03 | C76: 100 квартир | D76: =E76/B76 -> 31009 | E76: 930.27
A77: Осмотр кровли, чердака, подъездов, подвального помещения - весенний осмотр | B77: 1.723 | C77: 1000 м2 | D77: =E77/B77 -> 2021.8979 | E77: 3483.73
A78: Осмотр кровли, чердака, подъездов, подвального помещения -подготовка к зиме | B78: 1.722 | C78: 1000 м2 | D78: =E78/B78 -> 2007.9036 | E78: 3457.61
A79: Очистка воронки и колен от мусора, снега (вышка) | B79: 2 | C79: шт | D79: =E79/B79 -> 598.42 | E79: 1196.84
A80: Очистка желобов от мусора: вручную (при расчете 1 кг. мусора = 3 м 1 желоба) | B80: 50 | C80: м | D80: =E80/B80 -> 58.9776 | E80: 2948.88
A81: Плановые проверки вентиляционных каналов и оголовков | B81: По плану | C81: 1000 м2 | D81: =E81 -> 18566.6 | E81: 18566.6
A82: Проверка исправности канализационных вытяжек (по жалобе) | B82: 0.6 | C82: 1000 м2 | D82: =E82/B82 -> 2171.25 | E82: 1302.75
A83: Проверка наличия тяги в ДВ и вент. каналах | B83: 0.12 | C83: 1000 м2 | D83: =E83/B83 -> 2251.3333 | E83: 270.16
A84: Прочистка вентиляционных каналов | B84: 0.015 | C84: 100 м | D84: =E84/B84 -> 13527.333 | E84: 202.91
A85: Смена дверных приборов: навесного замка | B85: 0.01 | C85: 100 приборов | D85: =E85/B85 -> 30469 | E85: 304.69
A86: Смена дверных приборов: накладка дверная | B86: 0.02 | C86: 100 приборов | D86: =E86/B86 -> 37851.5 | E86: 757.03
A87: Смена оконных приборов: петли | B87: 0.02 | C87: 100 шт. | D87: =E87/B87 -> 56042.5 | E87: 1120.85
A88: Укрепление дверных приборов: петли (шарниры), шпингалеты, ручки накладные | B88: 0.02 | C88: 100 шт. | D88: =E88/B88 -> 52619 | E88: 1052.38
A89: Обслуживание и текущий ремонт электрооборудования жилых домов
A90: Обслуживание и текущий ремонт электрооборудования жилых домов | B90: По договору | C90: руб. | D90: =E90 -> 7851.79 | E90: 7851.79
A91: Обслуживание ОДПУ
A92: Техническое обслуживание ОДПУ | B92: По договору | C92: руб. | D92: =E92 -> 21600 | E92: 21600
A93: Расходы на истребование задолженности по оплате жилых помещений. Содержание информационных систем
A94: Истребование дебиторской задолженности | B94: По факту | C94: руб. | D94: =E94 -> 800 | E94: 800
A95: Содержание информационных систем, обеспечивающих сбор, обработку и хранение данных | B95: По факту | C95: руб. | D95: =E95 -> 1514.59 | E95: 1514.59
A96: Услуги по управлению МКД
A97: Услуги по управлению МКД | B97: Ежедневно | C97: руб. | D97: =E97 -> 42420.191 | E97: =SUM(E17:E95)*10% -> 42420.191
A98: Итого: | E98: =SUM(E17:E97) -> 466622.1
A101: 2. Всего за период с "01"января 2020 г. по "31"декабря 2020 г. выполнено работ на общую сумму 466622.10 руб. (Четыреста шестьдесят шесть тысяч шестьсот двадцать два рубля 10 копеек)
A102: 3. Работы (услуги) выполнены (оказаны) полностью, в установленные сроки, с надлежащим качеством.
A103: 4. Претензий по выполнению условий Договора Стороны друг к другу не имеют.
A104: Настоящий акт составлен в 2-х экземплярах, имеющих одинаковую юридическую силу, по одному для каждой из Сторон.
A107: Исполнитель - Директор ООО "ТРЭК", Плотников А.А.
A108: ___________________________________________ ____________________________________
D109: (подпись)
A111: Заказчик - ________________________________________ __________________________________
D112: (подпись)

Sheet 2021
A1: Отчет по бюджету № 77/9-2021
A3: Период: с 01.01.2021 по 31.12.2021 года.
A5: ОБЩИЕ СВЕДЕНИЯ ОБ ОБЪЕКТЕ
A6: Этажность | B6: 4 | C6: Общая жилая площадь, м2 | D6: 2075 | E6: Площадь кровли, м2 | F6: 1247.7
A7: Количество подъездов | B7: 3 | C7: Площадь нежилых помещений, м2 | D7: 729.8 | E7: Площадь чердаков, м2 | F7: 831.8
A8: Количество квартир | B8: 36 | C8: Площадь л/ клеток, тамбуров, лифтов, м/камер, м2 | D8: 265.1 | E8: Площадь подвалов, м2 | F8: 626
A11: Наименование | F11: Значение
A12: Переходящие остатки денежных средств за выполненые работы (на начало периода; + резерв, - долг) | F12: 451417.19
A13: Задолженность по оплате за содержание и текущий ремонт общего имущества МКД (на начало периода) | F13: 96486.48
A14: Начислено за работы (услуги) по содержанию и текущему ремонту и аренду общего имущества МКД, в том числе: | F14: =SUM(F15:F17) -> 456930.42
A15: - за жилые помещения | F15: 333280.98
A16: - за нежилые помещения | F16: 117709.44
A17: - за рекламу и аренду общего имущества МКД | F17: 5940
A18: Получено денежных средств, в т. ч: | F18: =SUM(F19:F21) -> 394492.85
A19: - за жилые помещения | F19: 323764.25
A20: - за нежилые помещения | F20: 64788.6
A21: - за рекламу и аренду общего имущества МКД | F21: 5940
A22: Всего денежных средств с учетом остатков | F22: =F12+F18 -> 845910.04
A23: Выполненные работы (оказанные услуги) по содержанию общего имущества и текущему ремонту в отчетном периоде | F23: =акт21!E80 -> 415662.13
A24: Переходящие остатки денежных средств за выполненные работы (на конец периода; + резерв, - долг) | F24: =F22-F23 -> 430247.91
A25: Задолженность по оплате за содержание и текущий ремонт общего имущества МКД (на конец периода) | F25: =F13+F14-F18 -> 158924.05
A27: Директор ООО "ТРЭК" Плотников А.А. __________________
A28: Отчет составил: экономист _______________
A29: Отчет получил: ________________________________________________________
A30: Дата __________________

Sheet акт21
A2: .
A3: АКТ № 77/9
A4: приемки оказанных услуг и (или) выполненных работ по содержанию
A5: и текущему ремонту общего имущества в многоквартирном доме
A6: г. Ангарск | E6: 30 марта 2022 г.
A8: Собственники помещений в многоквартином доме, расположенном по адресу: ________________________ , именуемые в дальнейшем "Заказчик", в лице ___________________________________________________________________________________,
A9: являющегося собственником квартиры № _____, находящейся в данном многоквартирном доме, действующего на основании протокола общего собрания собственников, с одной стороны, и управляющая компания ООО "ТРЭК", именуемая в дальнейшем
A10: "Исполнитель", в лице директора Плотникова А.А., действующего на основании Устава, с другой стороны, совместно именуемые "Стороны", составили настоящий акт о нижеследующем:
A11: 1. Исполнителем предъявлены к приемке следующие оказанные на основании договора управления многоквартирным домом или договора оказания услуг по содержанию и (или) выполнению работ по ремонту общего имущества в многоквартирном
A12: доме, либо договора подряда по выполнению работ по ремонту общего имущества в многоквартирном доме (указать нужное) № _______ от "____" ___________________ ______ г. (далее - "Договор") услуги и (или) выполненные работы по содержанию
A13: и текущему ремонту общего имущества в многоквартирном доме № _____, расположенном по адресу: ______________________:
A15: Наименование вида работы (услуги) | B15: Периодичность / количественный показатель выполненной работы (оказанной услуги) | C15: Единица измерения работы (услуги) | D15: Стоимость / сметная стоимость выполненной работы (оказанной услуги) за единицу | E15: Цена выполненной работы (оказанной услуги), в рублях
A16: Аварийное обслуживание
A17: Аварийное обслуживание | B17: Ежедневно | C17: руб. | D17: 0.14 | E17: 3486
A18: Благоустройство и обеспечение санитарного состояния МКД и придомовой територии
A19: Валка деревьев в городских условиях: (липа, сосна, кедр, тополь) | B19: 1 | C19: 1 м3 | D19: =E19/B19 -> 2379.88 | E19: 2379.88
A20: Корчевка пней с вывозом | B20: По факту | C20: шт | D20: =E20 -> 16053.6 | E20: 16053.6
A21: Разделка древесины мягких пород, полученной от валки леса | B21: 0.03 | C21: 100 шт. | D21: =E21/B21 -> 3217 | E21: 96.51
A22: Ремонт МАФ - беседки, домика, горки, скамейки (укрепление. пробивка гвоздей и т.д.) | B22: 1 | C22: шт | D22: =E22/B22 -> 768.84 | E22: 768.84
A23: Ремонт скамейки без спинки | B23: 1 | C23: шт | D23: =E23/B23 -> 894 | E23: 894
A24: Услуги по вывозу и утилизации листвы, веток, деревьев, скошенной травы , смета и др. | B24: По факту | C24: руб. | D24: =E24 -> 753.33 | E24: 753.33
A25: Услуги спец.техники по благоустройству (очистка наледи, снега) | B25: По факту | C25: руб. | D25: =E25 -> 6663.09 | E25: =5250+1413.09 -> 6663.09
A26: Окраска известковыми составами: по кирпичу и бетону (бордюр. столбики, столбы) | B26: По факту | C26: 100 м2 | D26: =E26 -> 1782.35 | E26: 1782.35
A27: Уборка придомовой территории и лестничных клеток | B27: По тарифу | C27: м2 | D27: =E27 -> 129918.36 | E27: 129918.36
A28: Коммунальные ресурсы на содержание общ. имущества МКД
A29: Коммунальные ресурсы на содержание общего имущества МКД | B29: По факту | C29: руб. | E29: 73817.52
A30: Обслуживание и текущий ремонт инженерного оборудования
A31: Монтаж обратного клапана Аэратор | B31: 0.01 | C31: 100 шт. | D31: =E31/B31 -> 111416 | E31: 1114.16
A32: Прокладка трубопроводов канализационных из полиэтиленовых труб высокой плотности: 110 мм | B32: 0.03 | C32: 100 м | D32: =E32/B32 -> 69574.333 | E32: 2087.23
A33: Прокладка трубопроводов канализационных из полиэтиленовых труб высокой плотности: 50 мм | B33: 0.013 | C33: 100 м | D33: =E33/B33 -> 58760.769 | E33: 763.89
A34: Разборка трубопровода из чугунных канализационных труб. диаметром 100мм | B34: 0.03 | C34: 100 м | D34: =E34/B34 -> 40835.667 | E34: 1225.07
A35: Разборка трубопровода из чугунных канализационных труб. диаметром 50мм | B35: 0.013 | C35: 100 м | D35: =E35/B35 -> 34507.692 | E35: 448.6
A36: Смена отдельных участков трубопроводов диаметром: 20 мм | B36: 1 | C36: 1 участок | D36: =E36/B36 -> 1289.83 | E36: 1289.83
A37: Запуск потока воды: отопление, ГВС, ХВС | B37: 3 | C37: 1 узел | D37: =E37/B37 -> 98.51 | E37: 295.53
A38: Запуск системы отопления. | B38: 1 | C38: 1 здание | D38: =E38/B38 -> 1005.22 | E38: 1005.22
A39: Опрессовка ТУ диаметром: до 100 мм | B39: 1 | C39: 100 м | D39: =E39/B39 -> 961.8 | E39: 961.8
A40: Осмотр и устранение мелких неисправностей на РХВ | B40: 1 | C40: шт | D40: =E40/B40 -> 149.54 | E40: 149.54
A41: Осмотр СТО | B41: 0.04 | C41: 100 квартир | D41: =E41/B41 -> 30035.25 | E41: 1201.41
A42: Осмотр СТО в чердачных и подвальных помещениях (весенний и осенний) | B42: 1.72 | C42: 1000 м2 | D42: =E42/B42 -> 1811.7151 | E42: 3116.15
... A51: Снятие и запись замера в наряде (ИТП,РХВ) | B51: 33 | C51: 1 ИТП | D51: =E51/B51 -> 302.27182 | E51: 9974.97
A52: Обслуживание и текущий ремонт конструктивных элементов
A53: Демонтаж-монтаж прямых звеньев водосточных труб | B53: 0.044 | C53: 100 м | D53: =E53/B53 -> 19056.818 | E53: 838.5
A54: Окраска известковыми составами ранее окрашенных фасадов простых: по штукатурке с земли и лесов | B54: 0.003 | C54: 100 м2 | D54: =E54/B54 -> 10836.667 | E54: 32.51
A55: Промазка фальцев и свищей в покрытии из кровельной стали. | B55: 0.028 | C55: 100 м2 | D55: =E55/B55 -> 1572.1429 | E55: 44.02
A56: Разборка покрытий полов: из ДВП, фанеры | B56: 0.18 | C56: 100 м2 | D56: =E56/B56 -> 5836.0556 | E56: 1050.49
A57: Ремонт и восстановление герметизации стыков мастикой | B57: 0.006 | C57: 100 м | D57: =E57/B57 -> 23720 | E57: 142.32
A58: Установка частей водосточных труб (отметов) | B58: 0.08 | C58: 100 шт. | D58: =E58/B58 -> 16392.75 | E58: 1311.42
A59: Устройство промазки и расшивка швов панелей перекрытий раствором снизу | B59: 0.029 | C59: 100 м | D59: =E59/B59 -> 25795.172 | E59: 748.06
A60: Осмотр кровли, чердака, подъездов, подвального помещения - весенний осмотр | B60: 1.722 | C60: 1000 м2 | D60: =E60/B60 -> 2012.0267 | E60: 3464.71
A61: Осмотр кровли, чердака, подъездов, подвального помещения - осенний осмотр | B61: 1.722 | C61: 1000 м2 | D61: =E61/B61 -> 2013.6353 | E61: 3467.48
A62: Осмотр оголовков вент. каналов с целью предотвращения закупорки в зимнее время с записью в спец. жур | B62: =2*3.495 -> 6.99 | C62: 1000 м2 | D62: =E62/B62 -> 1831.1245 | E62: =2*6399.78 -> 12799.56
A63: Очистка воронки и колен от мусора, снега | B63: 8 | C63: шт | D63: =E63/B63 -> 326.8375 | E63: 2614.7
A64: Очистка желобов от мусора: вручную (при расчете 1 кг. мусора = 3 м 1 желоба) | B64: 317.7 | C64: м | D64: =E64/B64 -> 58.26865 | E64: 18511.95
A65: Проверка исправности вент. каналов, правильного расположения оголовков относ. крыши и наличия тяги | B65: 2.579 | C65: 1000 м2 | D65: =E65/B65 -> 1926.5956 | E65: 4968.69
A66: Обслуживание и текущий ремонт электрооборудования жилых домов
A67: Обслуживание и текущий ремонт электрооборудования жилых домов | B67: По договору | C67: руб. | D67: =E67 -> 8840.1 | E67: 8840.1
A68: Обслуживание ОДПУ
A69: Техническое обслуживание ОДПУ | B69: По договору | C69: руб. | D69: =E69 -> 21600 | E69: 21600
A70: Расходы на истребование задолженности по оплате жилых помещений. Содержание информационных систем
A71: Истребование дебиторской задолженности | B71: По факту | C71: руб. | D71: =E71 -> 800 | E71: 800
A72: Содержание информационных систем, обеспечивающих сбор, обработку и хранение данных | B72: По факту | C72: руб. | D72: =E72 -> 1525.81 | E72: 1525.81
A73: Текущий ремонт
A74: Ремонт крыльца | B74: По плану | C74: шт | D74: =E74 -> 10199.61 | E74: 10199.61 | F74: =SUM(E17:E74) -> 377874.66 | G74: 363029.43
A75: Услуги по управлению МКД
A76: Услуги по управлению МКД | B76: Ежедневно | C76: руб. | D76: =E76 -> 37787.466 | E76: =SUM(E17:E74)*10% -> 37787.466
A77: Итого: | E77: =F74+E76 -> 415662.13
A80: 2. Всего за период с "01"января 2021 г. по "31"декабря 2021 г. выполнено работ на общую сумму | E80: =E77 -> 415662.13
A81: Четыреста пятнадцать тысяч шестьсот шестьдесят два рубля 13 копеек.
A82: 3. Работы (услуги) выполнены (оказаны) полностью, в установленные сроки, с надлежащим качеством.
A83: 4. Претензий по выполнению условий Договора Стороны друг к другу не имеют.
A84: Настоящий акт составлен в 2-х экземплярах, имеющих одинаковую юридическую силу, по одному для каждой из Сторон.
A86: Подписи Сторон:
A87: Исполнитель - Директор ООО "ТРЭК", Плотников А.А.
A88: ____________________________________________________ ____________________________________
D89: (подпись)
A91: Заказчик - ________________________________________ __________________________________
D92: (подпись)
